 Dungeon Crawl Stone Soup version 0.25.1-2-g60ff931df9 (webtiles) character file.

Game seed: 3993120463089304086

450 lorenzova the Vexing (level 6, -2/28 HPs)
             Began as a Spriggan Enchanter on Sept 17, 2020.
             Killed from afar by an orc wizard (8 damage)
             ... with a puff of flame
             ... on level 4 of the Dungeon.
             The game lasted 00:11:52 (7281 turns).

lorenzova the Vexing (Spriggan Enchanter)           Turns: 7281, Time: 00:11:53

Health: -2/28      AC:  2    Str:  4    XL:     6   Next: 74%
Magic:  12/15      EV: 18    Int: 16    God:
Gold:   193        SH:  0    Dex: 19    Spells: 10/16 levels left

rFire    . . .     SeeInvis +   a - +1 dagger
rCold    . . .     Gourm    .   (shield restricted)
rNeg     . . .     Faith    .   b - +0 robe
rPois    .         Spirit   .   (helmet restricted)
rElec    .         Reflect  .   (no cloak)
rCorr    .         Harm     .   (gloves unavailable)
MR       +....                  (boots unavailable)
Stlth    +++.......             (no amulet)
HPRegen  0.09/turn              (no ring)
MPRegen  0.14/turn              (no ring)

@: very quick
A: very small, unfitting armour, see invisible, herbivore, speed 3, slow
metabolism 2
a: no special abilities


You were on level 4 of the Dungeon.
You were not hungry.

You visited 1 branch of the dungeon, and saw 4 of its levels.

You collected 193 gold pieces.

Inventory:

Hand Weapons
 a - a +1 dagger (weapon)
Armour
 b - a +0 robe (worn)
Scrolls
 m - a scroll of remove curse
 n - a scroll of enchant weapon
 p - a scroll of amnesia {unknown}
Potions
 c - a potion of stabbing {unknown}
 e - 4 potions of curing
 f - 4 potions of heal wounds
 g - a potion of lignification {unknown}
 h - a potion of might {unknown}
 i - a potion of brilliance {unknown}
 j - a potion of cancellation {unknown}
 l - a potion of flight {unknown}
 o - a potion of resistance {unknown}
Comestibles
 d - 3 rations


   Skills:
 - Level 1.1 Short Blades
 - Level 3.0 Dodging
 + Level 5.0 Stealth
 * Level 5.9 Spellcasting
 * Level 6.4 Hexes
 + Level 2.1 Ice Magic


You had 10 spell levels left.
You knew the following spells:

 Your Spells              Type           Power        Failure   Level  Hunger
a - Corona                Hex            ####...      1%          1    None
b - Ensorcelled Hibernat  Hex/Ice        ###...       3%          2    #......
c - Confusing Touch       Hex            ####....     3%          3    ##.....

Your spell library contained the following spells:

 Spells                   Type           Power        Failure   Level  Hunger
 Tukima's Dance           Hex            ####....     3%          3    ##.....
 Dazzling Flash           Conj/Hex       ###...       11%         3    ##.....


Dungeon Overview and Level Annotations

Branches:
Dungeon (4/15)
 Temple: D:4-7

Altars:
Makhleb
Sif Muna
Xom
Zin
The Shining One


Innate Abilities, Weirdness & Mutations

You are very small and have problems with some larger weapons.
You are too small for most types of armour.
You have supernaturally acute eyesight. (SInv)
You are a herbivore.
You cover ground extremely quickly.
You need to consume almost no food.


Message History

Casting: Ensorcelled Hibernation (safe; 3% risk of failure)
Confirm with . or Enter, or press ? or * to list all spells.
Your hands begin to glow red.
The orc wizard hits you with a +0 dagger.
You hit the orc wizard but do no damage.
The orc wizard appears confused.
The orc wizard hits you with a +0 dagger.
You hit the orc wizard.
The orc wizard is lightly wounded.
The orc wizard completely misses you. The orc closely misses you.
The orc wizard hits you with a +0 dagger.
You closely miss the orc wizard. The orc wizard casts a spell at you.
The puff of flame hits you.
* * * LOW HITPOINT WARNING * * *
The orc hits you with a +0 club.
* * * LOW HITPOINT WARNING * * *
The orc wizard casts a spell at you. The puff of flame hits you!
You die...

.## ############ # ..##
#..........# # ...###
#.########.# # .....# #)# #.# #
...#.# #.# #####.###
.###.###############.####........
..##.#......(........#......†....
...##...##########o###.##.###.###
....#...........@.o.##.##.###.###
_...##...#########oo##.##.##.#.##
....#..<.# ######..##.##.#.###.#
...##.#..# #......^##.....## ##.
..##.##..# #.#####.#.....#.###.#
#######..# #.# #.#..#####.#.##
......#..# #.# #.#..# #...#
#####.#..# #.# #.#..# ##...##
#.#..# #.# #.#..####.....#


You could see an orc priest, 2 orc wizards and an orc.

Vanquished Creatures
  An ogre (D:4)
  A bullfrog skeleton (D:4)
  2 orc priests (D:3)
  An iguana (D:4)
  An orc wizard (D:3)
  A worker ant (D:4)
  A howler monkey skeleton (D:3)
  8 adders
  An ooze (D:2)
  A worm (D:3)
  2 dart slugs (D:3)
  4 leopard geckos
  11 orcs
  3 ball pythons
  4 giant cockroaches
  15 goblins
  12 hobgoblins
  13 kobolds
  11 bats
  5 frilled lizards
  8 rats
106 creatures vanquished.

Notes
Turn   | Place    | Note
-------+----------+-------------------------------------------
     0 | D:1      | lorenzova the Spriggan Enchanter began the quest for the
                  | Orb.
     0 | D:1      | Reached XP level 1. HP: 9/9 MP: 5/5
   353 | D:1      | Reached skill level 4 in Hexes
   506 | D:1      | Reached XP level 2. HP: 12/13 MP: 7/7
   516 | D:1      | Learned a level 2 spell: Ensorcelled Hibernation
  1321 | D:2      | Reached XP level 3. HP: 9/16 MP: 9/9
  2204 | D:2      | Found a shimmering blue altar of Sif Muna.
  2928 | D:2      | Found a glowing golden altar of the Shining One.
  2929 | D:2      | Found a burning altar of Makhleb.
  2937 | D:2      | Found a shimmering altar of Xom.
  3222 | D:2      | Reached XP level 4. HP: 21/21 MP: 11/11
  3406 | D:3      | Learned a level 3 spell: Confusing Touch
  3433 | D:3      | Reached skill level 1 in Ice Magic
  3473 | D:3      | Reached skill level 5 in Hexes
  3479 | D:3      | Reached XP level 5. HP: 24/24 MP: 4/12
  4187 | D:3      | Reached skill level 5 in Spellcasting
  6145 | D:4      | Reached XP level 6. HP: 26/28 MP: 9/14
  6240 | D:4      | Reached skill level 6 in Hexes
  6599 | D:4      | Found a glowing silver altar of Zin.
  6988 | D:4      | Reached skill level 5 in Stealth
  7281 | D:4      | Killed from afar by an orc wizard

Illustrated notes

Levels and vault maps discovered:
D:1:      wander_arrival_peaceful_grave, layout_rooms
D:2:      cheibrodos_greedy_goblins, layout_basic, lemuel_blue_sif_altar,
          gammafunk_temple_overflow_claw, chequers_serial_rivers_micro_b
D:3:      minmay_chambers_of_twos, layout_basic, glass_columns_a
D:4:      layout_loops_ring, lemuel_round_altar, first_ration,
          kennysheep_windowed_goal

Skill      XL: |  1  2  3  4  5  6 |
---------------+-------------------+-----
Spellcasting   | 3 4 5 |  5.9
Hexes          | 4 5 6 |  6.4
Ice Magic      | 1 2 |  2.1
Stealth        | 5 |  5.0
Short Blades   | |  1.1
Dodging        | |  3.0

Action                   |  1- 3 |  4- 6 || total
-------------------------+-------+-------++-------
Melee: Dagger            |   242 |   224 ||   466
 Cast: Corona            |    16 |    10 ||    26
       Ensorcelled Hiber |     9 |    53 ||    62
       Confusing Touch   |       |     2 ||     2
  Use: Scroll            |       |     4 ||     4
 Stab: Sleeping          |    12 |    33 ||    45
       Confused          |       |     2 ||     2
  Eat: Ration            |       |     3 ||     3
Armor: Robe              |    22 |    13 ||    35
Dodge: Dodged            |   237 |   194 ||   431
